 Dungeon Crawl Stone Soup version 0.31-a0-214-gb37851dbb3 (webtiles) character file.

Game seed: 18251463447542659367

21 nono the Trooper (level 2, 33/33 HPs)
             Began as an Ogre Fighter on July 1, 2023.
             Was a Follower of Sif Muna.
             Got out of the dungeon alive.
             The game lasted 00:01:08 (487 turns).

nono the Trooper (Ogre Fighter)                      Turns: 487, Time: 00:01:09

Health: 33/33      AC:  3    Str: 19    XL:     2   Next: 87%
Magic:  2/2        EV:  8    Int:  9    God:    Sif Muna [*.....]
Gold:   32         SH:  7    Dex:  8    Spells: 1/1 levels left

rFire   . . .        a - +0 flail
rCold   . . .        c - +0 kite shield
rNeg    . . .        b - +0 robe
rPois   .            (helmet restricted)
rElec   .            (no cloak)
rCorr   .            (gloves unavailable)
SInv    .            (boots unavailable)
Will    .....        (no amulet)
Stlth   +            (no ring)
HPRegen 0.25/turn    (no ring)
MPRegen 0.08/turn

%: no passive effects
@: no status effects
A: large, unfitting armour, tough skin 1
a: Renounce Religion, Channel Magic


You escaped.
You worshipped Sif Muna.
Sif Muna was aware of your devotion.
You visited 1 branch of the dungeon, and saw 1 of its levels.

You collected 32 gold pieces.

Inventory:

Hand Weapons
 a - a +0 flail (weapon)
Missiles
 k - 20 stones
Armour
 b - a +0 robe (worn)
 c - a +0 kite shield (worn)
Jewellery
 h - a +6 ring of intelligence
Scrolls
 f - 2 scrolls of amnesia {unknown}
 g - a scroll of noise {unknown}
 i - a scroll of identify {unknown}
Potions
 d - a potion of might
 e - 2 potions of curing {unknown}
 j - 2 potions of haste {unknown}


   Skills:
 + Level 4.3 Fighting
 + Level 2.1 Maces & Flails
 - Level 0.2 Throwing
 + Level 3.0 Dodging
 + Level 3.2 Shields


You had one spell level left.
You didn't know any spells.
Your spell library contained the following spells:

 Spells                   Type           Power      Damage    Failure   Level
 Foxfire                  Conj/Fire      0%         2x1d4     71%         1
 Ensorcelled Hibernation  Hex/Ice        0%         N/A       83%         2
 Spider Form              Tmut/Pois      0%         N/A       97%         3
 Anguish                  Hex/Necr       0%         N/A       100%        4


Dungeon Overview and Level Annotations

Branches:
Dungeon (1/15)

Altars:
Sif Muna


Innate Abilities, Weirdness & Mutations

You are too large for most types of armour.
You have tough skin. (AC +1)


Message History

k - 9 stones (gained 1)
k - 16 stones (gained 7)
k - 20 stones (gained 4)
You now have 32 gold pieces (gained 2).
You see here a hobgoblin skeleton.
Things that are here:
a +0 dagger; a +0 dagger; a goblin skeleton
Found a faded altar of an unknown god.
A hobgoblin comes into view.
The hobgoblin shouts!
There is a faded altar of an unknown god here.
You see here Plato's Spellbook of Wildfire.
You pick up Plato's Spellbook of Wildfire and begin reading...
You add the spell Foxfire to your library.
The hobgoblin barely misses you.
You hit the hobgoblin but do no damage.
The hobgoblin hits you but does no damage.
You closely miss the hobgoblin. You block the hobgoblin's attack.
You closely miss the hobgoblin. The hobgoblin hits you.
You block the hobgoblin's attack.
You hit the hobgoblin but do no damage. You block the hobgoblin's attack.
You hit the hobgoblin.
The hobgoblin is lightly wounded.
The hobgoblin hits you.
The hobgoblin hits you but does no damage.
You sock the hobgoblin!
You kill the hobgoblin!
Your Dodging skill increases to level 3!
No target in view!
No target in view!
There is a faded altar of an unknown god here.
This altar belongs to (a) Ignis, (b) Sif Muna or (c) Okawaru, but you can't tell which.
Press the corresponding letter to learn more about a god, or press enter to convert or escape to cancel.
Okay, then.
This altar belongs to (a) Ignis, (b) Sif Muna or (c) Okawaru, but you can't tell which.
Press the corresponding letter to learn more about a god, or press enter to convert or escape to cancel.
Sif Muna accepts your prayer! Sif Muna welcomes you!
You can now call upon Sif Muna for magical energy.
There is a staircase leading out of the dungeon here.
Are you sure you want to leave the Dungeon?
This will make you lose the game!
You have escaped!

#..######.......#######.....#
##......................#####
#######.........########
#.....####.......##
#......##......8..##
#.[.....#..>.......##
#.....#.............##
#....###.......8.....## ####
#.....#........@......#######...
#.....#.#...8.....8.#.##......##
#.............≈≈≈.....#..#######
#..........##≈≈≈≈≈##............
#......##).##≈≈≈≈≈##....######..
#......##..##§≈>≈≈###..## ##...
#####..##..######## #..# #..#.
#..##..##########..# ##....
#####).##..............# #.....


There were no monsters in sight!

Vanquished Creatures
  A dart slug (D:1)
  2 ball pythons (D:1)
  A bat (D:1)
  2 endoplasms (D:1)
  4 goblins (D:1)
  3 hobgoblins (D:1)
  A quokka (D:1)
  A frilled lizard (D:1)
  A rat (D:1)
16 creatures vanquished.

Notes
Turn   | Place    | Note
-------+----------+-------------------------------------------
     0 | D:1      | nono the Ogre Fighter began the quest for the Orb.
     0 | D:1      | Reached XP level 1. HP: 24/24 MP: 1/1
   176 | D:1      | Reached XP level 2. HP: 27/32 MP: 2/2
   438 | D:1      | Found a faded altar of an unknown god.
   446 | D:1      | Got Plato's Spellbook of Wildfire
   457 | D:1      | Prayed at the altar of an unknown god.
   457 | D:1      | Became a worshipper of Sif Muna the Loreminder
   457 | D:1      | Reached * piety under Sif Muna
   487 | D:$      | Got out of the dungeon alive.

Illustrated notes

Levels and vault maps discovered:
D:1:      grunt_arrival_lava_bath, layout_rooms,
          shapermc_ecumenical_altar_rom_forum, minmay_distorted

Skill      XL: |  1  2 |
---------------+-------+-----
Maces & Flails | 2 |  2.1
Dodging        | 3 |  3.0
Fighting       | |  4.3
Throwing       | |  0.2
Shields        | |  3.2

Action                     || total
---------------------------++-------
  Melee: Flail             ||    50
 Armour: Robe              ||    16
  Dodge: Dodged            ||    19
  Block: Kite shield       ||    24

Table legend: (Time is in decaauts)
 A = Elapsed time spent in this place.
 B = Non-inter-level travel time spent in this place.
 C = Inter-level travel time spent in this place.
 D = Time resting spent in this place.
 E = Time spent auto-exploring this place.
 F = Levels seen in this place.
 G = Mean time per level.
                   A        B        C        D        E       F      G
               +--------+--------+--------+--------+--------+-----+--------+
         Total |    509 |    481 |     28 |      0 |    338 |   1 |  509.0 |
       Dungeon |    509 |    481 |     28 |      0 |    338 |   1 |  509.0 |
               +--------+--------+--------+--------+--------+-----+--------+

Top non-repeatable levels by time:
     D:1: 509 daAuts
